Map: Kairos Junction LE

Players

月下白花 - Winner!

  • Race: Protoss Protoss
  • League: Gold
  • Spawn Location: 5:00

Taku

  • Race: Protoss Protoss
  • League: Gold
  • Spawn Location: 11:00

VOD

Have the link to the VOD?

Description

takuan負けた

Time

  • Played on: May 8, 2019, 6:59 a.m.
  • Length: 6:30
Show
View Real Time Build Order
Export as new Build Order

月下白花 Protoss - Winner!

Build Orders:  

Get SALT Encoding   

  12  0:01  Probe  
  13  0:13  Probe  
  14  0:17  Pylon  
  14  0:25  Probe  
  15  0:35  Probe  
  15  0:40  Gateway  
  16  0:43  Probe  
  17  0:50  Assimilator  
  17  0:51  Probe  
  18  1:09  Probe  
  19  1:11  Pylon  
  19  1:13  Assimilator  
  19  1:21  Probe  
  20  1:29  Cybernetics Core, Probe  
  20  1:37  Probe  
  22  1:55  Pylon  
  22  1:56  Stalker  
  22  1:59  Nexus  
  22  2:06  Warp Gate  
  24  2:13  Pylon  
  24  2:18  Probe  
  25  2:26  Stalker  
  27  2:31  Probe  
  27  2:36  Shield Battery  
  28  2:38  Pylon  
  28  2:43  Probe  
  29  2:48  Gateway  
  29  2:55  Stalker  
  31  3:05  Pylon  
  31  3:09  Shield Battery  
  31  3:18  Probe  
  31  3:24  Probe  
  31  3:26  Stalker, Probe  
  36  3:36  Probe  
  36  3:37  Probe  
  38  3:48  Probe  
  39  3:50  Probe  
  39  3:52  Robotics Facility  
  40  3:57  Stalker  
  40  3:58  Probe  
  40  4:00  Probe  
  44  4:04  Stalker  
  44  4:06  Probe  
  46  4:12  Probe  
  46  4:13  Assimilator  
  46  4:16  Probe  
  49  4:24  Shield Battery, Probe  
  49  4:25  Shield Battery  
  49  4:29  Zealot  
  49  4:30  Zealot  
  54  4:32  Immortal  
  58  4:46  Pylon x2  
  58  4:50  Stalker  
  58  4:52  Stalker  
  62  4:59  Immortal  
  62  5:06  Gateway  
  66  5:15  Sentry x2  
  66  5:20  Pylon  
  70  5:22  Gateway  
  70  5:27  Assimilator  
  70  5:29  Pylon  
  70  5:31  Immortal  
  72  5:59  Zealot x2  
Show
View Real Time Build Order
Export as new Build Order

Taku Protoss 

Build Orders:  

Get SALT Encoding   

  12  0:02  Probe  
  13  0:13  Probe  
  13  0:19  Pylon  
  14  0:21  Probe  
  15  0:33  Probe  
  15  0:39  Gateway  
  16  0:45  Probe  
  16  0:47  Assimilator  
  17  0:57  Probe  
  18  1:06  Assimilator  
  18  1:09  Probe  
  19  1:17  Gateway  
  19  1:21  Probe  
  20  1:33  Probe  
  20  1:35  Cybernetics Core  
  21  1:45  Probe  
  21  1:47  Pylon  
  21  1:53  Probe  
  23  2:04  Pylon  
  23  2:05  Probe  
  24  2:12  Stalker  
  24  2:15  Stalker  
  26  2:16  Warp Gate  
  26  2:17  Probe  
  29  2:37  Robotics Facility  
  28  2:47  Probe  
  29  2:54  Stalker  
  29  2:57  Stalker  
  33  3:06  Pylon  
  33  3:10  Shield Battery  
  33  3:24  Gateway x2  
  33  3:37  Warp Prism  
  33  3:41  Sentry  
  37  3:53  Gateway  
  37  4:07  Immortal  
  37  4:15  Pylon  
  37  4:22  Stalker x2  
  45  4:42  Sentry  
  47  4:46  Pylon  
  47  4:47  Pylon  
  47  5:04  Immortal  
  51  5:15  Stalker x2  
  51  5:16  Stalker  
  51  5:20  Sentry  
  49  6:09  Stalker x2  
  49  6:10  Stalker x3  
Tags
 
League
GoldGold
Matchup
PvP
Spawn Locations
Cross Positions
Add a new tag
Caveats
  • Supply blocks, unpowered buildings, or Contaminate may cause inaccurate times.
  • Supply counts are checked every 10 seconds.